 Dungeon Crawl Stone Soup version 0.25.0-9-g26727b657a (webtiles) character file.

Game seed: 1094133595854550379

1411 gruber the Whirler (level 9, 0/54 HPs)
             Began as a Halfling Hunter on June 16, 2020.
             Slain by a quokka (3 damage)
             ... on level 5 of the Dungeon.
             The game lasted 00:04:12 (5871 turns).

gruber the Whirler (Halfling Hunter)                Turns: 5871, Time: 00:04:12

Health: 0/54       AC:  4    Str: 16    XL:     9   Next: 1%
Magic:  9/9        EV: 14    Int:  9    God:
Gold:   296        SH:  0    Dex: 15    Spells: 8/8 levels left

rFire    . . .     SeeInvis .   a - +1 hunting sling
rCold    . . .     Gourm    .   (shield restricted)
rNeg     . . .     Faith    .   c - +0 leather armour
rPois    .         Spirit   .   o - +0 helmet
rElec    .         Reflect  .   (no cloak)
rCorr    .         Harm     .   (no gloves)
MR       .....                  (no boots)
Stlth    ++........             (no amulet)
HPRegen  0.18/turn              (no ring)
MPRegen  0.11/turn              (no ring)

@: no status effects
A: small, mutation resistance 1
a: no special abilities


You were on level 5 of the Dungeon.
You were not hungry.

You visited 1 branch of the dungeon, and saw 6 of its levels.

You collected 296 gold pieces.

Inventory:

Hand Weapons
 a - a +1 hunting sling (weapon)
 y - a +0 lajatang
Missiles
 d - 44 sling bullets (quivered)
 g - 83 stones
Armour
 c - a +0 leather armour (worn)
 o - a +0 helmet (worn)
Jewellery
 h - an uncursed ring of poison resistance {unknown}
Scrolls
 b - a scroll of random uselessness {unknown}
 l - a scroll of fog {unknown}
 m - a scroll of enchant weapon {unknown}
 n - 2 scrolls of identify {unknown}
 p - a scroll of remove curse {unknown}
 q - a scroll of amnesia {unknown}
 t - a scroll of noise {unknown}
 u - 4 scrolls of teleportation {unknown}
 v - a scroll of fear {unknown}
 w - 2 scrolls of blinking {unknown}
 x - a scroll of immolation {unknown}
Potions
 e - 3 potions of flight {unknown}
 i - 2 potions of stabbing {unknown}
 j - 3 potions of curing {unknown}
 k - a potion of brilliance {unknown}
 r - a potion of might {unknown}
 s - a potion of magic {unknown}
 z - a potion of berserk rage {unknown}
Comestibles
 f - 3 rations
 A - 8 chunks of flesh


   Skills:
 - Level 1.7 Fighting
 + Level 15.0 Slings
 - Level 2.1 Dodging
 - Level 1.1 Stealth


You had 8 spell levels left.
You didn't know any spells.
Your spell library was empty.

Dungeon Overview and Level Annotations

Branches:
Dungeon (6/15)
 Temple: D:4-7

Altars:
Dithmenos
Vehumet

Annotations:
D:5 Dowan, Duvessa


Innate Abilities, Weirdness & Mutations

You are small and have problems with some larger weapons.
You are somewhat resistant to further mutation.


Message History

Unknown command.
Firing (i - inventory. (/) - cycle)
d - 46 sling bullets (quivered)
Press: ? - help, Shift-Dir - straight line, f/p - bullfrog
Aim: a bullfrog (almost dead)
You shoot a sling bullet. The sling bullet hits the bullfrog.
You kill the bullfrog!
Your Slings skill increases to level 15!
You have reached level 9!
Your experience leads to an increase in your attributes!
Increase (S)trength, (I)ntelligence, or (D)exterity?
You feel stronger.
Firing (i - inventory. (/) - cycle)
d - 45 sling bullets (quivered)
Press: ? - help, Shift-Dir - straight line, f - Duvessa
Aim: Duvessa, wielding a +0 rapier and wearing a +0 chain mail (almost dead)
You shoot a sling bullet.
The sling bullet closely misses the quokka.
The sling bullet hits Duvessa.
Duvessa is almost dead.
The quokka bites you.
You die...

##...#### #....... ≈≈≈≈≈≈.
.......# .≈≈P≈≈≈≈.≈. .......# ##
h.P.PP≈P≈J≈. .......# ###.
..≈≈≈≈≈≈≈≈≈ ......#######...
#...≈≈≈≈≈≈≈ .....<.#........
...≈≈≈≈≈≈≈
.........###.#..########..≈≈≈≈≈≈.
.......##.......@r....e...≈P≈≈≈≈?
#).............########(...≈≈≈≈P.
.....#....#### #.#...≈≈≈P.
##....)#### #?#...P≈≈≈≈ ##.#####
#.....≈≈≈≈≈ ...## #.....#..≈≈≈≈≈
....# #.=..##...≈≈≈. ###..#
....####...P≈≈. #...# ###(#
#>.≈≈≈≈≈


You could see Duvessa and a quokka.

Vanquished Creatures
  Grinder (D:6)
  A sky beast (D:6)
  An ogre (D:4)
  2 centaurs (D:5)
  3 bullfrogs
  2 scorpions
  A howler monkey (D:6)
  2 crimson imps
  A bullfrog zombie (D:6)
  An orc priest (D:4)
  Jessica (D:2)
  2 worker ants
  3 orc wizards
  A killer bee zombie (D:6)
  7 gnolls
  8 adders
  A shadow imp (D:5)
  2 worms
  4 leopard geckos
  15 orcs
  7 bats
  A giant cockroach (D:2)
  7 goblins
  3 hobgoblins
  13 jackals
  A quokka (D:3)
  A ball python (D:1)
  4 frilled lizards
  4 kobolds
  A leopard gecko skeleton (D:4)
  6 rats
107 creatures vanquished.

Notes
Turn   | Place    | Note
-------+----------+-------------------------------------------
     0 | D:1      | gruber the Halfling Hunter began the quest for the Orb.
     0 | D:1      | Reached XP level 1. HP: 14/14 MP: 1/1
    33 | D:1      | Reached skill level 6 in Slings
    98 | D:1      | Reached XP level 2. HP: 19/19 MP: 2/2
   696 | D:1      | Reached skill level 7 in Slings
   696 | D:1      | Reached XP level 3. HP: 24/24 MP: 3/3
  1531 | D:2      | Found a faded altar of an unknown god.
  1696 | D:2      | Noticed Jessica
  1719 | D:2      | Reached XP level 4. HP: 10/29 MP: 4/4
  1721 | D:2      | Reached skill level 8 in Slings
  1727 | D:2      | Killed Jessica
  1727 | D:2      | Reached XP level 5. HP: 4/34 MP: 5/5
  2207 | D:2      | Reached skill level 9 in Slings
  2278 | D:2      | Found a shadowy altar of Dithmenos.
  3135 | D:3      | Found a radiant altar of Vehumet.
  3514 | D:4      | Reached XP level 6. HP: 39/39 MP: 6/6
  3557 | D:4      | Reached skill level 10 in Slings
  3681 | D:4      | Noticed an ogre
  3691 | D:4      | Killed an ogre
  3762 | D:4      | Reached skill level 11 in Slings
  3906 | D:4      | Reached XP level 7. HP: 41/44 MP: 7/7
  4077 | D:5      | Entered Level 5 of the Dungeon
  4161 | D:5      | Reached skill level 12 in Slings
  4390 | D:5      | Noticed Dowan
  4414 | D:6      | Noticed Grinder
  4416 | D:6      | Paralysed by Grinder for 4 turns
  4461 | D:6      | Paralysed by Grinder for 5 turns
  4470 | D:6      | Killed Grinder
  4470 | D:6      | Reached skill level 13 in Slings
  4470 | D:6      | Reached XP level 8. HP: 27/49 MP: 8/8
  4881 | D:6      | Reached skill level 14 in Slings
  5808 | D:5      | Noticed Duvessa
  5870 | D:5      | Reached skill level 15 in Slings
  5870 | D:5      | Reached XP level 9. HP: 3/54 MP: 9/9
  5871 | D:5      | Slain by a quokka

Illustrated notes

Levels and vault maps discovered:
D:1:      wheals_arrival_linesprint, layout_basic
D:2:      layout_loops_corners, first_ration,
          chequers_ecumenical_altar_simple_redux,
          nicolae_dithmenos_through_a_glass_darkly, uniq_jessica
D:3:      layout_basic, fiery_altar_vehumet
D:4:      layout_gridville, minivault_19
D:5:      layout_rooms, serial_shops, shop, kennysheep_little_box,
          chequers_big_river, grunt_gozag_breadcrumbs, uniq_menkaure,
          uniq_eustachio, uniq_duvessa
D:6:      layout_loops_cross, grunt_decor_resistance, uniq_grinder

Skill      XL: |  1  2  3  4  5  6  7  8 |
---------------+-------------------------+-----
Slings         | 6 7 8 9 11 13 15 | 15.0
Fighting       | |  1.7
Dodging        | |  2.1
Stealth        | |  1.1

Action                   |  1- 3 |  4- 6 |  7- 9 || total
-------------------------+-------+-------+-------++-------
Melee: Unarmed           |       |       |     9 ||     9
       Lajatang          |       |       |     4 ||     4
 Fire: Hunting sling     |    78 |   148 |   205 ||   431
  Eat: Chunk             |     2 |     6 |     6 ||    14
Armor: Leather armour    |     3 |     9 |    13 ||    25
Dodge: Dodged            |     6 |    23 |    41 ||    70
